 Dungeon Crawl Stone Soup version 0.29-a0-887-gcbe080d7e0 (webtiles) character file.

Game seed: 10474790682400464828

153 night the Shooter (level 5, -1/43 HPs)
             Began as a Gnoll Hunter on July 21, 2022.
             Was a Follower of Ru.
             Slain by an orc wizard
             ... wielding a +0 dagger
              (2 damage)
             ... on level 3 of the Dungeon.
             The game lasted 00:06:38 (3052 turns).

night the Shooter (Gnoll Hunter)                    Turns: 3052, Time: 00:06:39

Health: -1/43      AC:  3    Str: 10    XL:     5   Next: 35%
Magic:  7/7        EV: 13    Int:  8    God:    Ru [*.....]
Gold:   166        SH:  0    Dex: 18    Spells: 6/6 levels left

rFire   . . .      SeeInvis .   g - +0 rapier
rCold   . . .      Faith    .   (no shield)
rNeg    . . .      Spirit   .   c - +0 leather armour
rPois   +          Reflect  .   (no helmet)
rElec   .          Harm     .   (no cloak)
rCorr   .          Rampage  .   (no gloves)
Will    .....                   (no boots)
Stlth   ++........              (no amulet)
HPRegen 0.14/turn               f - ring of poison resistance
MPRegen 0.10/turn               (no ring)

@: about to teleport
A: fangs 1, unskilled 1, strong nose, distributed training
a: Renounce Religion


You were on level 3 of the Dungeon.
You worshipped Ru.
Ru was aware of your devotion.
You visited 1 branch of the dungeon, and saw 4 of its levels.

You collected 166 gold pieces.

Inventory:

Hand Weapons
 a - a +0 shortbow
 g - a +0 rapier (weapon)
Missiles
 d - 33 stones
 h - 6 datura-tipped darts
 k - 4 poisoned darts
Armour
 c - a +0 leather armour (worn)
Jewellery
 f - a ring of poison resistance (left hand)
Scrolls
 b - 4 scrolls of immolation
 e - 2 scrolls of teleportation
 i - a scroll of noise {unknown}
 m - a scroll of fear {unknown}


   Skills:
 + Level 4.3 Fighting
 + Level 1.3 Short Blades
 + Level 1.3 Long Blades
 + Level 1.3 Axes
 + Level 1.3 Maces & Flails
 + Level 1.3 Polearms
 + Level 1.3 Staves
 + Level 7.9 Ranged Weapons
 + Level 1.3 Throwing
 + Level 1.3 Armour
 + Level 4.3 Dodging
 + Level 2.5 Stealth
 + Level 1.3 Shields
 + Level 1.3 Unarmed Combat
 + Level 1.3 Spellcasting
 + Level 1.0 Conjurations
 + Level 1.0 Hexes
 + Level 1.0 Summonings
 + Level 1.0 Necromancy
 + Level 1.0 Translocations
 + Level 1.0 Transmutations
 + Level 1.0 Fire Magic
 + Level 1.0 Ice Magic
 + Level 1.0 Air Magic
 + Level 1.0 Earth Magic
 + Level 1.0 Poison Magic
 + Level 1.5 Invocations
 + Level 1.3 Evocations


You had 6 spell levels left.
You didn't know any spells.
Your spell library contained the following spells:

 Spells                   Type           Power      Damage    Failure   Level
 Magic Dart               Conj           8%         1d3       32%         1
 Searing Ray              Conj           4%         2d4       43%         2
 Fulminant Prism          Conj/Hex       1%         3d6       97%         4
 Passage of Golubria      Tloc           2%         N/A       97%         4
 Silence                  Hex/Air        1%         N/A       100%        5
 Lehudib's Crystal Spear  Conj/Erth      1%         10d2      100%        8


Dungeon Overview and Level Annotations

Branches:
Dungeon (4/15)
 Temple: D:4-7

Altars:
Gozag
Ru

Shops:
D:3 (


Innate Abilities, Weirdness & Mutations

You have very sharp teeth.
You are somewhat unskilled. (-1 Apt)
Your uncanny sense of smell can sniff out nearby items.
Your experience applies equally to all skills.


Message History

Unknown command.
You cannot move.
You cannot move.
You hit something but do no damage.
Your transformation is almost over.
Something hits you but does no damage.
You hit something. Something hits you but does no damage.
You hit something but do no damage. Something hits you.
Something hits you but does no damage.
You hit something but do no damage. Something hits you.
You barely miss something. Something hits you but does no damage.
You barely miss something. Something hits you.
You hit something. Something hits you.
You miss something.
You hear some strange, mumbled words.
A puff of flame appears from out of thin air!
The puff of flame hits you!
You miss something.
You feel less wooden.
Your +0 leather armour unmelds from your body.
Something barely misses you.
You hit something. Your bite misses something.
You hear some strange, mumbled words.
A magic dart appears from out of thin air!
The magic dart hits you!
* * * LOW HITPOINT WARNING * * *
You miss something.
Something hits you but does no damage. x2
You barely miss something.
You hear some strange, mumbled words.
A magic dart appears from out of thin air!
The magic dart hits you!
* * * LOW HITPOINT WARNING * * *
You aren't carrying any potions.
As you read the scroll labelled BELANU KIQINE, it crumbles to dust.
You feel strangely unstable.
It was a scroll of teleportation.
Something hits you.
* * * LOW HITPOINT WARNING * * *
Something barely misses you. Something hits you.
You die...

..........'.........'..........#
####...####.........###........#
#..## ##.......## #.#.#.##.#
#.## ##.....## #........# #.#
##...## #####.#### #.# ##'## #.#
#.# #.# #.#
#.##########.######## #.#
#.........##.@......# #.#
#..##........>...##.# #.#
#..##.###....).#.##.# #.#
#..##.# #.#...##.##.####.#
#).##.# #.##..##.........#
#.....# #.###.......######
##.######.# ######### #........#
##########


There were no monsters in sight!

Vanquished Creatures
  Terence (D:2)
  5 adders
  2 worms
  3 dart slugs
  6 orcs (D:3)
  7 endoplasms
  2 giant cockroaches (D:3)
  5 goblins
  8 hobgoblins
  7 kobolds
  4 quokkas
  3 ball pythons
  A bat (D:2)
  A frilled lizard (D:1)
  9 rats
64 creatures vanquished.

Notes
Turn   | Place    | Note
-------+----------+-------------------------------------------
     0 | D:1      | night the Gnoll Hunter began the quest for the Orb.
     0 | D:1      | Reached XP level 1. HP: 20/20 MP: 1/1
    78 | D:1      | Reached XP level 2. HP: 26/26 MP: 2/2
   812 | D:1      | Reached XP level 3. HP: 31/31 MP: 3/3
  1085 | D:2      | Found a faded altar of an unknown god.
  1094 | D:2      | Prayed at the altar of an unknown god.
  1094 | D:2      | Became a worshipper of Ru the Awakened
  1104 | D:2      | Gained mutation: You are somewhat unskilled. (-1 Apt) [Ru
                  | sacrifice]
  1104 | D:2      | Reduced skill Ranged Weapons to level 7
  1104 | D:2      | Reached * piety under Ru
  1222 | D:2      | Noticed Terence
  1239 | D:2      | Killed Terence
  1240 | D:2      | Reached skill level 1 in Short Blades
  1240 | D:2      | Reached skill level 1 in Long Blades
  1240 | D:2      | Reached skill level 1 in Axes
  1240 | D:2      | Reached skill level 1 in Maces & Flails
  1240 | D:2      | Reached skill level 1 in Polearms
  1240 | D:2      | Reached skill level 1 in Staves
  1240 | D:2      | Reached skill level 1 in Throwing
  1240 | D:2      | Reached skill level 1 in Armour
  1240 | D:2      | Reached skill level 1 in Shields
  1240 | D:2      | Reached skill level 1 in Unarmed Combat
  1240 | D:2      | Reached skill level 1 in Spellcasting
  1240 | D:2      | Reached skill level 1 in Invocations
  1240 | D:2      | Reached skill level 1 in Evocations
  1240 | D:2      | Reached XP level 4. HP: 27/37 MP: 5/5
  1422 | D:2      | Identified the +2 robe "Paoprigg" {rPois SInv}
  1892 | D:3      | Found Cotilu's Antique Weapon Shop.
  2340 | D:3      | Reached skill level 1 in Conjurations
  2340 | D:3      | Reached skill level 1 in Hexes
  2340 | D:3      | Reached skill level 1 in Summonings
  2340 | D:3      | Reached skill level 1 in Necromancy
  2340 | D:3      | Reached skill level 1 in Translocations
  2340 | D:3      | Reached skill level 1 in Transmutations
  2340 | D:3      | Reached skill level 1 in Fire Magic
  2340 | D:3      | Reached skill level 1 in Ice Magic
  2340 | D:3      | Reached skill level 1 in Air Magic
  2340 | D:3      | Reached skill level 1 in Earth Magic
  2340 | D:3      | Reached skill level 1 in Poison Magic
  2356 | D:3      | Reached XP level 5. HP: 42/42 MP: 6/6
  2819 | D:4      | Found an opulent altar of Gozag.
  2828 | D:4      | Noticed an ogre
  2835 | D:4      | Noticed an ogre
  3049 | D:3      | HP: 2/43 [something/magic dart (7)]
  3052 | D:3      | Slain by an orc wizard

Illustrated notes

Levels and vault maps discovered:
D:1:      saegor_arrival_simple_e, layout_basic, nicolae_hexahallways,
          roderic_nine_men_s_morris
D:2:      layout_basic, hellmonk_ecumenical_altar_slurped_away, uniq_terence
D:3:      layout_loops_corners, serial_shops, shop, nicolae_figureground_sparkle
D:4:      wander_river, layout_gridville, grunt_gozag_statues, xom_butterflies,
          dk_noncrumbling_3, lexackson_kobold_supper

Skill      XL: |  1  2  3  4 |
---------------+-------------+-----
Ranged Weapons | 7 |  7.9
Short Blades   | 1 |  1.3
Long Blades    | 1 |  1.3
Axes           | 1 |  1.3
Maces & Flails | 1 |  1.3
Polearms       | 1 |  1.3
Staves         | 1 |  1.3
Throwing       | 1 |  1.3
Armour         | 1 |  1.3
Shields        | 1 |  1.3
Unarmed Combat | 1 |  1.3
Spellcasting   | 1 |  1.3
Invocations    | 1 |  1.5
Evocations     | 1 |  1.3
Conjurations   | 1 |  1.0
Hexes          | 1 |  1.0
Summonings     | 1 |  1.0
Necromancy     | 1 |  1.0
Translocations | 1 |  1.0
Transmutations | 1 |  1.0
Fire Magic     | 1 |  1.0
Ice Magic      | 1 |  1.0
Air Magic      | 1 |  1.0
Earth Magic    | 1 |  1.0
Poison Magic   | 1 |  1.0
Fighting       | |  4.3
Dodging        | |  4.3
Stealth        | |  2.5

Action                   |  1- 3 |  4- 6 || total
-------------------------+-------+-------++-------
Melee: Rapier            |       |    20 ||    20
 Fire: Shortbow          |    75 |   109 ||   184
Invok: Sacrifice Skill   |     1 |       ||     1
  Use: Potion            |       |     4 ||     4
       Scroll            |       |     1 ||     1
Armor: Leather armour    |     2 |    10 ||    12
       Skin              |       |    31 ||    31
Dodge: Dodged            |    16 |    43 ||    59

Table legend: (Time is in decaauts)
 A = Elapsed time spent in this place.
 B = Non-inter-level travel time spent in this place.
 C = Inter-level travel time spent in this place.
 D = Time resting spent in this place.
 E = Time spent auto-exploring this place.
 F = Levels seen in this place.
 G = Mean time per level.
                   A        B        C        D        E       F      G
               +--------+--------+--------+--------+--------+-----+--------+
         Total |   3080 |   2951 |    129 |     97 |   2443 |   4 |  770.0 |
       Dungeon |   3080 |   2951 |    129 |     97 |   2443 |   4 |  770.0 |
               +--------+--------+--------+--------+--------+-----+--------+

Top non-repeatable levels by time:
     D:3: 1158 daAuts
     D:1: 929 daAuts
     D:2: 926 daAuts
     D:4: 65 daAuts
